 Dungeon Crawl Stone Soup version 0.22-a0-558-gc2241811a9 (webtiles) character file.

2249 Kholdaimon the Blocker (level 9, -2/81 HPs)
             Began as a Minotaur Fighter on June 27, 2018.
             Was a Believer of Okawaru.
             Slain by a seven-headed hydra (6 damage)
             ... on level 7 of the Dungeon.
             The game lasted 00:34:13 (5638 turns).

Kholdaimon the Blocker (Minotaur Fighter)           Turns: 5638, Time: 00:34:14

Health: -2/81      AC: 16    Str: 21    XL:     9   Next: 15%
Magic:  1/8        EV:  5    Int:  8    God:    Okawaru [**....]
Gold:   268        SH: 12    Dex: 12    Spells: 8/8 levels left

rFire    . . .     SeeInvis .   r - +1 short sword (elec)
rCold    . . .     Gourm    .   c - +1 shield
rNeg     . . .     Faith    .   y - +0 plate armour
rPois    .         Spirit   .   (helmet restricted)
rElec    +         Reflect  .   (no cloak)
rCorr    .         Harm     .   C - +0 pair of gloves (curse)
MR       .....                  x - +0 pair of boots
Stlth    ..........             n - amulet of the acrobat
HPRegen  0.23/turn              G - +2 ring of dexterity
MPRegen  0.11/turn              k - ring "Ihuewuol" {rElec Slay+1}

@: no status effects
A: retaliatory headbutt, horns 2
a: Heroism, Renounce Religion


You were on level 7 of the Dungeon.
You worshipped Okawaru.
Okawaru was pleased with you.
You were not hungry.

You visited 2 branches of the dungeon, and saw 8 of its levels.

You collected 268 gold pieces.

Inventory:

Hand Weapons
 a - a +1 war axe
 r - a +1 short sword of electrocution (weapon)
 H - a +1 falchion of holy wrath
 L - a +0 hunting sling
Missiles
 e - 142 stones (quivered)
 g - 32 poisoned needles
 l - 34 bolts
 A - 37 sling bullets
 E - 2 throwing nets
 I - 4 tomahawks
Armour
 c - a +1 shield (worn)
 x - a +0 pair of boots (worn)
 y - a +0 plate armour (worn)
 C - a cursed +0 pair of gloves (worn)
Jewellery
 k - the ring "Ihuewuol" (right hand) {rElec Slay+1}
   (You found it on level 6 of the Dungeon)

   [ring of slaying]

   It affects your accuracy and damage with ranged weapons and melee attacks
   (+1).
   It insulates you from electricity.
 n - an amulet of the acrobat (around neck)
 G - a +2 ring of dexterity (left hand)
Wands
 t - a wand of clouds (7)
 D - a wand of enslavement (12)
Scrolls
 b - a scroll of fear
 m - a scroll of enchant armour
 p - a scroll of enchant weapon
 w - 2 scrolls of remove curse
 F - a scroll of immolation
Potions
 d - 2 potions of might
 i - a potion of invisibility {unknown}
 o - 2 potions of curing {unknown}
 q - a potion of berserk rage {unknown}
 s - 4 potions of brilliance
 v - a potion of agility {unknown}
 z - a potion of flight {unknown}
 B - a potion of experience {unknown}
 J - a potion of haste
 K - 2 potions of ambrosia {unknown}
Comestibles
 f - 17 rations
 u - 8 chunks of flesh


   Skills:
 + Level 8.1 Fighting
 * Level 7.7 Axes
 + Level 8.1 Armour
 * Level 8.2 Shields
 + Level 0.2 Invocations


You had 8 spell levels left.
You didn't know any spells.
Your spell library was empty.

Dungeon Overview and Level Annotations

Branches:
Dungeon (7/15)             Temple (1/1) D:4

Altars:
Ashenzari
Cheibriados
Dithmenos
Elyvilon
Fedhas
Hepliaklqana
Kikubaaqudgha
Makhleb
Nemelex Xobeh
Okawaru
Qazlal
Ru
Sif Muna
Trog
Uskayaw
Vehumet
Wu Jian
Xom
Yredelemnul
Zin
The Shining One


Innate Abilities, Weirdness & Mutations

You reflexively headbutt those who attack you in melee.
You have a pair of horns on your head.


Message History

The seven-headed hydra bites you but does no damage.
You block the seven-headed hydra's attack. x2
Your plate armour prevents you from hitting the seven-headed hydra.
The seven-headed hydra is heavily wounded.
The seven-headed hydra bites you.
* * * LOW HITPOINT WARNING * * *
You block the seven-headed hydra's attack. x2
The seven-headed hydra bites you!
* * * LOW HITPOINT WARNING * * *
You block the seven-headed hydra's attack.
The seven-headed hydra bites you but does no damage. x2
The eye of draining gazes at you.
Your shield and plate armour prevent you from hitting the seven-headed hydra.
The seven-headed hydra is heavily wounded.
The seven-headed hydra bites you!
* * * LOW HITPOINT WARNING * * *
The seven-headed hydra bites you but does no damage.
You block the seven-headed hydra's attack. x2
The seven-headed hydra bites you.
You die...

#..(.. #...? .G. #S#
#y# #y# #y# #D# #@#
#####.# #.....#
#.###.# ######
#.....##
.....#######......#
..................#
..............##..###
#.#..................


You could see a seven-headed hydra, an eye of draining, 3 killer bees and an
adder.

Vanquished Creatures
  A water moccasin (D:7)
  An orc warrior (D:4)
  2 sky beasts
  2 phantoms (D:6)
  2 ogres
  2 centaurs
  A big kobold (D:4)
  2 bullfrogs (D:6)
  4 scorpions
  2 killer bees (D:7)
  A howler monkey (D:4)
  A crimson imp (D:5)
  2 hounds (D:4)
  5 orc wizards
  2 centaur skeletons (D:5)
  3 orc priests (D:6)
  A bullfrog skeleton (D:5)
  Jessica (D:2)
  2 iguanas
  Terence (D:3)
  Natasha (twice) (D:3)
  3 worker ants
  6 adders
  3 gnolls (D:6)
  2 oozes
  A worm (D:5)
  A dart slug (D:2)
  A leopard gecko (D:5)
  22 orcs
  9 giant cockroaches
  12 goblins
  9 hobgoblins
  6 jackals
  17 kobolds
  4 quokkas
  10 bats
  5 frilled lizards
  A jackal zombie (D:6)
  A leopard gecko zombie (D:3)
  8 rats
161 creatures vanquished.

Notes
Turn   | Place    | Note
-------+----------+-------------------------------------------
     0 | D:1      | Kholdaimon the Minotaur Fighter began the quest for the Orb.
     0 | D:1      | Reached XP level 1. HP: 19/19 MP: 0/0
   243 | D:1      | Reached XP level 2. HP: 27/27 MP: 1/1
   694 | D:1      | Reached XP level 3. HP: 28/33 MP: 2/2
   896 | D:2      | Noticed Jessica
   904 | D:2      | Killed Jessica
   904 | D:2      | Reached XP level 4. HP: 40/41 MP: 3/3
  1293 | D:3      | Noticed Natasha
  1302 | D:3      | Killed Natasha
  1506 | D:3      | Found a deep blue altar of Sif Muna.
  1531 | D:3      | Reached XP level 5. HP: 27/47 MP: 4/4
  1690 | D:3      | Noticed Terence
  1697 | D:3      | Killed Terence
  1774 | D:3      | Reached skill level 5 in Shields
  1979 | D:3      | Noticed Natasha
  1984 | D:3      | Killed Natasha
  1984 | D:3      | Reached skill level 5 in Fighting
  2010 | D:3      | Reached skill level 5 in Armour
  2049 | D:3      | Found a sacrificial altar of Ru.
  2064 | D:3      | Reached XP level 6. HP: 56/56 MP: 5/5
  2206 | D:4      | Found a staircase to the Ecumenical Temple.
  2239 | Temple   | Entered the Ecumenical Temple
  2645 | D:4      | Found a shadowy altar of Dithmenos.
  2678 | D:4      | Found a sparkling altar of Nemelex Xobeh.
  2794 | D:4      | Found a bloodstained altar of Trog.
  2977 | D:4      | Reached skill level 5 in Axes
  2977 | D:4      | Reached XP level 7. HP: 56/62 MP: 6/6
  3758 | D:5      | Entered Level 5 of the Dungeon
  3886 | D:5      | Found a burning altar of Makhleb.
  4009 | D:5      | Found an iron altar of Okawaru.
  4026 | D:5      | Became a worshipper of Warmaster Okawaru
  4431 | D:5      | Reached XP level 8. HP: 50/71 MP: 7/7
  4760 | D:6      | Got a scintillating copper ring
  4769 | D:6      | Identified the ring "Ihuewuol" {rElec Slay+1} (You found it on level 6 of the Dungeon)
  4844 | D:6      | Reached * piety under Okawaru
  5341 | D:6      | Reached ** piety under Okawaru
  5505 | D:7      | Reached XP level 9. HP: 81/81 MP: 8/8
  5623 | D:7      | Noticed a seven-headed hydra
  5638 | D:7      | HP: 4/81 [seven-headed hydra (11)]
  5638 | D:7      | Slain by a seven-headed hydra

Vault maps used:
D:1:      dpeg_arrival_lava_temple_mockup
D:2:      serial_bayou_crossing, uniq_jessica
D:3:      led_sif_book, nicolae_ru_great_annihilating_truth, first_ration,
          st_stairs_14, uniq_terence, uniq_natasha
D:4:      cheibrodos_thug_alley, lemuel_crystal_altar, marbit_many_paths,
          minmay_temple_entry_butterflies, grunt_decor_resistance, hex_large,
          nemelex_dance_club_becter
D:5:      kennysheep_little_box, lemuel_doored_altar
D:6:      serial_corexii_hall, corexii_hall_statues_deadend,
          corexii_hall_statues_i, corexii_hall_statues_l,
          kennysheep_generic_room_5
D:7:      minmay_cornered_nines, serial_park_tiny_2, the_bakery,
          minmay_crystal_water
Temple:   regret_index_temple_generic_petals

Skill      XL: |  1  2  3  4  5  6  7  8  9 |
---------------+----------------------------+-----
Fighting       | 4 5 6 7 8 |  8.1
Shields        | 4 5 6 7 8 |  8.2
Axes           | 3 4 5 6 7 |  7.7
Armour         | 4 5 6 7 8 |  8.1
Invocations    | |  0.2

Action                   |  1- 3 |  4- 6 |  7- 9 || total
-------------------------+-------+-------+-------++-------
Melee: War axe           |    68 |   160 |   196 ||   424
       Headbutt          |    15 |    20 |    36 ||    71
       Short sword       |       |       |     5 ||     5
Throw: Stone             |       |       |     6 ||     6
  Use: Scroll            |       |       |    14 ||    14
       Potion            |       |       |     2 ||     2
 Stab: Paralysed         |       |     1 |       ||     1
  Eat: Chunk             |       |     7 |     9 ||    16
Armor: Scale mail        |    25 |    67 |     3 ||    95
       Plate armour      |       |       |    83 ||    83
Dodge: Dodged            |    22 |    55 |    41 ||   118
Block: Shield            |    39 |    91 |   111 ||   241

Table legend:
 A = Spawn XP
 B = Non-spawn XP
 C = Spawn XP percentage of total XP
 D = Spawn monster count
 E = Non-spawn monster count
 F = Spawn count percentage of total count
 G = Total turns spent on level
                    A         B        C        D         E        F      G
               +---------+---------+-------+---------+---------+-------+---------
         Total |       0 |    3213 |   0.0 |       0 |     161 |   0.0 |  5638
               +---------+---------+-------+---------+---------+-------+---------
           D:1 |       0 |      42 |   0.0 |       0 |      25 |   0.0 |   764
           D:2 |       0 |      97 |   0.0 |       0 |      14 |   0.0 |   414
           D:3 |       0 |     253 |   0.0 |       0 |      37 |   0.0 |  1028
           D:4 |       0 |     615 |   0.0 |       0 |      29 |   0.0 |  1303
           D:5 |       0 |     517 |   0.0 |       0 |      11 |   0.0 |   844
           D:6 |       0 |    1041 |   0.0 |       0 |      28 |   0.0 |   827
           D:7 |       0 |     648 |   0.0 |       0 |      17 |   0.0 |   209
               +---------+---------+-------+---------+---------+-------+---------
